[Event "ICCopen2017"]
[Site "Internet Chess Club"]
[Date "2017.03.26"]
[Round "9"]
[White "devotional"]
[Black "playwaycool"]
[Result "0-1"]
[ICCResult "White forfeits on time"]
[WhiteElo "2078"]
[BlackElo "2212"]
[Opening "Caro-Kann: classical, Spassky variation"]
[ECO "B18"]
[NIC "CK.12"]
[Time "20:42:19"]
[TimeControl "180+0"]

1. e4 c6 2. d4 d5 3. Nd2 dxe4 4. Nxe4 Bf5 5. Ng3 Bg6 6. Nf3 Nd7 7. h4 h6 8.
h5 Bh7 9. Bd3 Bxd3 10. Qxd3 e6 11. Kf1 Qc7 12. Rh4 Ngf6 13. c4 c5 14. d5
O-O-O 15. Qa3 Kb8 16. dxe6 fxe6 17. Bf4 Bd6 18. Bxd6 Qxd6 19. Re1 Rhe8 20.
Ne4 Nxe4 21. Rhxe4 e5 22. Qc3 Qf6 23. Nxe5 Nxe5 24. Rxe5 Rf8 25. f3 Qh4 26.
Kg1 Rd4 27. Rxc5 Rfd8 28. Rd5 R4xd5 29. cxd5 a6 30. Qe5+ Ka8 31. Rd1 Qa4 32.
Rd2 Qxa2 33. d6 Qb1+ 34. Kh2 Qc1 35. Rd5 Qc6 36. Qe6 Re8 37. Qf7 Rd8 38. d7
Qc7+ 39. g3 Kb8 40. Kh3 Qc2 41. Qe7 Qc7 42. Qd6 Qxd6 43. Rxd6 Kc7 44. Rd5
Rxd7 45. Re5 b6 46. Re4 b5 47. Rg4 Kc6 48. b4 Rd6 49. Rxg7 a5 50. Rg6 axb4
51. Rxd6+ Kxd6 52. g4 b3 53. g5 b2 54. gxh6 b1=Q 55. h7 Qf5+ 56. Kh4 Qxh7
57. h6 Ke6 58. f4 Kf6 59. Kh5 Kf5 60. Kh4 Qxh6+ 61. Kg3 Qg6+ 62. Kf3 Qg4+
63. Ke3 Qxf4+ 64. Kd3 Qc4+ 65. Kd2 Ke5 66. Kd1 Kd4 {White forfeits on time}
0-1

[Event "ICCopen2017"]
[Site "Internet Chess Club"]
[Date "2017.03.26"]
[Round "9"]
[White "julkat-ch"]
[Black "Incognito"]
[Result "0-1"]
[ICCResult "White forfeits on time"]
[WhiteElo "1797"]
[BlackElo "1570"]
[Opening "Ruy Lopez: exchange variation, 5.O-O"]
[ECO "C68"]
[NIC "RL.08"]
[Time "20:42:04"]
[TimeControl "180+0"]

1. e4 e5 2. Nf3 Nc6 3. Bb5 a6 4. Bxc6 dxc6 5. O-O Be7 6. Nxe5 Qd4 7. Qh5 g6
8. Nf3 Qxe4 9. Qe5 Qxe5 10. Nxe5 f6 11. Nf3 Bg4 12. Nd4 Rd8 13. c3 c5 14.
Nb3 b6 15. h3 Bd7 16. d4 c4 17. N3d2 b5 18. Nf3 c5 19. Be3 cxd4 20. Bxd4 Kf7
21. Nbd2 Bc6 22. Rfe1 h5 23. Ne4 Bxe4 24. Rxe4 Nh6 25. Rae1 Rhe8 26. Re6 Rd6
27. R6e4 Nf5 28. Bc5 Rc6 29. Bxe7 Nxe7 30. Nd4 Rc7 31. a4 Rb8 32. axb5 axb5
33. f4 b4 34. g4 hxg4 35. hxg4 bxc3 36. bxc3 Rb2 37. f5 Nd5 38. Ne6 Ra7 39.
Rxc4 Raa2 40. fxg6+ Kxg6 41. Nf4+ Nxf4 42. Rxf4 Rg2+ 43. Kf1 Rh2 44. Kg1
Rag2+ 45. Kf1 Rc2 46. Kg1 Rhg2+ 47. Kf1 Rh2 48. Kg1 Rhd2 49. Kf1 Rxc3 50.
Re2 Rc1+ 51. Kf2 Rdd1 52. Ke3 Rg1 53. Ref2 Rg3+ 54. Kd2 Rc6 55. Ke2 Rb3 56.
R2f3 Rb2+ 57. Ke3 Rc3+ 58. Kd4 Rxf3 59. Rxf3 Rb4+ 60. Ke3 Rxg4 61. Kf2 f5
62. Rg3 Kg5 63. Rxg4+ Kxg4 64. Kg2 Kf4 65. Kf2 Ke4 66. Ke2 Kf4 67. Kf2 Kg4
68. Kg2 f4 69. Kf2 f3 {White forfeits on time} 0-1

[Event "ICCopen2017"]
[Site "Internet Chess Club"]
[Date "2017.03.26"]
[Round "9"]
[White "gibert"]
[Black "carro"]
[Result "1-0"]
[ICCResult "Black forfeits on time"]
[WhiteElo "1484"]
[BlackElo "1205"]
[Opening "Sicilian defense"]
[ECO "B40"]
[NIC "SI.43"]
[Time "20:42:20"]
[TimeControl "180+0"]

1. e4 c5 2. Nf3 e6 3. Bc4 d6 4. O-O a6 5. c3 b5 6. Bb3 Bb7 7. e5 d5 8. d4 c4
9. Bc2 a5 10. a4 b4 11. cxb4 axb4 12. b3 c3 13. Bd3 Ba6 14. Be3 Ne7 15. Qe2
Qd7 16. Rc1 Nf5 17. Bf4 Be7 18. g4 Nh6 19. h3 Ng8 20. Rc2 h6 21. Raa2 Qc6
22. Ne1 Qc7 23. Nd2 Qd8 24. Ndf3 h5 25. Kg2 hxg4 26. hxg4 Nh6 27. Nh2 Bh4
28. Nef3 Be7 29. Bxa6 Nxa6 30. Qb5+ Kf8 31. a5 Kg8 32. Qd3 g6 33. Qe3 Kg7
34. Rc1 Ng8 35. Rh1 Nc7 36. Qd3 Qd7 37. Nf1 Nb5 38. Rxh8 Kxh8 39. Ne3 Na3
40. Rxa3 Qa7 41. Ra4 Qb6 42. Nc2 Qc6 43. Nxb4 Bxb4 44. Rxb4 Rxa5 45. Ra4
Rxa4 46. bxa4 Qxa4 47. Qxc3 Qa2 48. Qc8 Qc4 49. Qe8 Qc7 50. Ng5 Kg7 51.
Nxe6+ Kh7 52. Nf8+ {Black forfeits on time} 1-0

[Event "ICCopen2017"]
[Site "Internet Chess Club"]
[Date "2017.03.26"]
[Round "9"]
[White "RobbieWilliams"]
[Black "tolialuisan"]
[Result "1-0"]
[ICCResult "Black resigns"]
[WhiteElo "1797"]
[BlackElo "1506"]
[Opening "Queen's pawn: stonewall attack"]
[ECO "A45"]
[NIC "QP.07"]
[Time "20:41:47"]
[TimeControl "180+0"]

1. d4 Nf6 2. e3 d5 3. Bd3 e6 4. Nd2 Be7 5. f4 O-O 6. Ngf3 Nbd7 7. c3 c5 8.
O-O b6 9. Ne5 Bb7 10. Qf3 c4 11. Bc2 Kh8 12. g4 h6 13. h4 Nxe5 14. fxe5 Ne4
15. Nxe4 dxe4 16. Bxe4 Bxe4 17. Qxe4 Bxh4 18. Bd2 Qg5 19. Rf3 f5 20. exf6
gxf6 21. Raf1 Rae8 22. Kh2 h5 23. gxh5 Qxh5 24. Rh3 Qe2+ 25. Qg2 Qxg2+ 26.
Kxg2 Rg8+ 27. Kf3 {Black resigns} 1-0

[Event "ICCopen2017"]
[Site "Internet Chess Club"]
[Date "2017.03.26"]
[Round "9"]
[White "DementedMonkey"]
[Black "Jude"]
[Result "1-0"]
[ICCResult "Black forfeits on time"]
[WhiteElo "2255"]
[BlackElo "1951"]
[Opening "Old Indian: Tartakower (Wade) variation"]
[ECO "A41"]
[NIC "QO.17"]
[Time "20:42:40"]
[TimeControl "180+0"]

1. d4 d6 2. Nf3 Bg4 3. e4 Nf6 4. Bd3 e6 5. c3 d5 6. Bg5 Be7 7. Bxf6 Bxf6 8.
Qb3 b6 9. Nbd2 O-O 10. O-O c5 11. Qa3 Be7 12. Qa4 Nd7 13. exd5 exd5 14. dxc5
Nxc5 15. Qxg4 Nxd3 16. Rab1 Bf6 17. Rfd1 Nc5 18. Nf1 Ne6 19. Ne3 d4 20. Nf5
d3 21. N3d4 Nxd4 22. cxd4 g6 23. Rxd3 Kh8 24. Ne3 Rc8 25. d5 Qd6 26. b3 Qa3
27. Rbd1 Qxa2 28. d6 Rcd8 29. d7 a5 30. Nd5 Bg7 31. Ne7 f5 32. Qc4 b5 33.
Qxb5 Qb2 34. Nc6 h5 35. Nxd8 Rxd8 36. Qb6 Qf6 37. Qxf6 Bxf6 38. Re1 Kg7 39.
Re8 Kf7 40. Rxd8 Bxd8 41. Rd4 Ke7 42. Rd5 Bc7 43. f3 Kd8 44. Kf2
{Black forfeits on time}
1-0

[Event "ICCopen2017"]
[Site "Internet Chess Club"]
[Date "2017.03.26"]
[Round "9"]
[White "blackending"]
[Black "DrJon"]
[Result "0-1"]
[ICCResult "White forfeits on time"]
[WhiteElo "1534"]
[BlackElo "1371"]
[Opening "Caro-Kann defense"]
[ECO "B12"]
[NIC "CK.01"]
[Time "20:42:33"]
[TimeControl "180+0"]

1. e4 c6 2. d4 Nh6 3. Bxh6 gxh6 4. c4 Bg7 5. f4 Qb6 6. Nf3 Qxb2 7. Nbd2 Bxd4
8. Nxd4 Qxd4 9. Be2 b6 10. Rc1 Bb7 11. Qc2 c5 12. Qd3 Qxd3 13. Bxd3 Nc6 14.
O-O Nd4 15. Kh1 O-O-O 16. Nb3 Nxb3 17. axb3 a6 18. b4 d6 19. b5 a5 20. Rce1
Rhe8 21. Rf3 f5 22. Rh3 fxe4 23. Bxe4 Bxe4 24. Rxe4 e5 25. fxe5 Rxe5 26.
Rxe5 dxe5 27. g3 Rd6 28. Rh5 Re6 29. Kg2 Kd7 30. Kf3 e4+ 31. Ke3 Kd6 32.
Rd5+ Kc7 33. Rf5 Kd6 34. Rf7 Re7 35. Rf6+ Re6 36. Rf7 Re7 37. Rf8 h5 38. Rf5
Re5 39. Rf7 Re7 40. Rf6+ Re6 41. Rf8 h6 42. Rb8 Kc7 43. Rg8 Kd6 44. Rg7 Re7
45. Rg6+ Re6 46. Rg7 Re7 47. Rg6+ Re6 48. Rxe6+ Kxe6 49. Kxe4 h4 50. gxh4 h5
51. h3 Kd6 52. Kd3 Ke5 53. Kc3 Ke4 54. Kb3 Kd3 55. Ka4 Kxc4 56. Ka3 Kxb5 57.
Kb3 a4+ 58. Ka3 Ka5 59. Ka2 b5 60. Ka3 c4 61. Ka2 b4 62. Kb2 Kb5 63. Kc2 Kc5
64. Kd2 Kd4 65. Ke2 Ke4 66. Kf2 Kf4 67. Ke2 c3 68. Kd3 Kg3 69. Kc4 c2 70.
Kxb4 c1=Q 71. Kxa4 Kxh3 72. Kb5 Kxh4 73. Kb6 Kg3 74. Kb5 h4 75. Kb4 h3 76.
Kb3 h2 77. Kb4 h1=Q 78. Kb5 Qb7+ {White forfeits on time} 0-1

[Event "ICCopen2017"]
[Site "Internet Chess Club"]
[Date "2017.03.26"]
[Round "9"]
[White "Morad-Magdy"]
[Black "LiangLiang"]
[Result "1-0"]
[ICCResult "Black forfeits on time"]
[WhiteElo "2000"]
[BlackElo "1700"]
[Opening "Queen's pawn game, Darooha variation "]
[ECO "E06"]
[NIC "QP.06"]
[Time "20:42:35"]
[TimeControl "180+0"]

1. d4 Nf6 2. Nf3 d5 3. g3 e6 4. Bg2 Be7 5. O-O O-O 6. c4 c5 7. cxd5 exd5 8.
Nc3 Be6 9. Ng5 Nbd7 10. Nxe6 fxe6 11. Bh3 Qb6 12. Bxe6+ Qxe6 13. Bf4 cxd4
14. Qxd4 Bc5 15. Qa4 Nb6 16. Qb3 Rae8 17. e3 Ne4 18. Kg2 Nxc3 19. Qxc3 Qc6
20. Qb3 Kh8 21. Kg1 d4 22. Rac1 dxe3 23. Bxe3 Nd7 24. Qd1 Rxe3 25. b4 Ref3
26. bxc5 Ne5 27. Qd6 Qxd6 28. cxd6 Nd7 29. Rc7 Rd8 30. Rxb7 Rd3 31. Rxa7
Rxd6 32. Re1 Nf6 33. Ree7 R6d7 34. a4 Rxe7 35. Rxe7 Ra8 36. Rb7 Rxa4 37.
Rb8+ Ng8 38. h4 h6 39. Kg2 Kh7 40. f3 Nf6 41. g4 Ra2+ 42. Kg3 g5 43. hxg5
hxg5 44. Rb5 Kg6 45. Rb6 Ra3 46. Rc6 Kg7 47. Rc7+ Kg6 48. Rc6 Re3 49. Rb6
Re7 50. Rc6 Rf7 51. Rb6 Kg7 52. Rb5 Kh6 53. Rb6 Kg6 54. Ra6 Kg7 55. Ra5 Kg6
56. Rb5 Kg7 57. Rxg5+ Kh6 58. Ra5 Kg6 59. g5 Nh5+ 60. Kg2 Nf4+ 61. Kf2 Ne6
62. Ra6 Kxg5 63. Rxe6 Rf6 64. Re5+ Rf5 65. Re4 {Black forfeits on time} 1-0

[Event "ICCopen2017"]
[Site "Internet Chess Club"]
[Date "2017.03.26"]
[Round "9"]
[White "EddieBarber"]
[Black "OTBB"]
[Result "0-1"]
[ICCResult "White forfeits on time"]
[WhiteElo "1802"]
[BlackElo "1627"]
[Opening "French: Rubinstein variation"]
[ECO "C10"]
[NIC "FR.07"]
[Time "20:42:39"]
[TimeControl "180+0"]

1. e4 e6 2. d4 d5 3. Nc3 dxe4 4. Nxe4 Nd7 5. Bd3 Ngf6 6. Ng3 c5 7. dxc5 Bxc5
8. Nf3 O-O 9. O-O b6 10. Qe2 Bb7 11. Ng5 Qc7 12. Be3 Rad8 13. Rad1 Bxe3 14.
Qxe3 h6 15. N5e4 Nxe4 16. Nxe4 Bxe4 17. Bxe4 Nf6 18. Bd3 Ng4 19. Qg3 Qxg3
20. hxg3 Nf6 21. Rd2 Rd7 22. Rfd1 Rfd8 23. a3 Kf8 24. Kf1 Ke7 25. Ke2 g5 26.
Bb5 Rxd2+ 27. Rxd2 Rxd2+ 28. Kxd2 Ng4 29. Ke2 Ne5 30. f4 Ng6 31. Kf3 f5 32.
Bd3 Kf6 33. c3 e5 34. Bb5 e4+ 35. Ke3 Ke6 36. Be8 Ne7 37. c4 Kd6 38. b4 Ng8
39. Bg6 Ne7 40. Bh7 Kc6 41. Kd4 a5 42. Ke5 axb4 43. axb4 Kc7 44. Kd4 Kd6 45.
b5 Ke6 46. c5 bxc5+ 47. Kxc5 e3 48. b6 Kd7 49. fxg5 hxg5 50. g4 e2 51. Bxf5+
Nxf5 52. gxf5 e1=Q 53. b7 Kc7 54. f6 Qe8 55. Kd5 Qf7+ 56. Ke5 Kxb7 57. Kf5
g4 58. g3 Qf8 59. Ke6 Kc7 60. f7 Kc6 61. Kf6 Kd6 62. Kg6 Ke6 63. Kg5 Qxf7
64. Kxg4 Qg7+ 65. Kh5 Kf6 {White forfeits on time} 0-1

[Event "ICCopen2017"]
[Site "Internet Chess Club"]
[Date "2017.03.26"]
[Round "9"]
[White "Kiketf"]
[Black "Mercury"]
[Result "1-0"]
[ICCResult "Black forfeits on time"]
[WhiteElo "2040"]
[BlackElo "2169"]
[Opening "King's Indian: Torre attack"]
[ECO "A48"]
[NIC "QP.01"]
[Time "20:42:17"]
[TimeControl "180+0"]

1. d4 Nf6 2. Nf3 g6 3. Bg5 Bg7 4. c3 d6 5. Nbd2 c5 6. dxc5 dxc5 7. e4 Nc6 8.
Bc4 O-O 9. O-O Qc7 10. h3 h6 11. Be3 Nh5 12. Qe2 b6 13. a4 Nf4 14. Bxf4 Qxf4
15. Rfd1 Bb7 16. Ba6 Rab8 17. Bxb7 Rxb7 18. g3 Qc7 19. Nc4 Rbb8 20. Kg2 Rbd8
21. h4 Rxd1 22. Rxd1 Rd8 23. Rd5 e6 24. Rxd8+ Qxd8 25. Ne3 Qd6 26. Nc4 Qd7
27. Ne3 Na5 28. Qb5 Qxb5 29. axb5 f5 30. e5 Kf7 31. Kf1 Bf8 32. Nd2 Be7 33.
Ndc4 Nxc4 34. Nxc4 g5 35. hxg5 hxg5 36. Ke2 Kg6 37. f3 g4 38. f4 Kf7 39. Kd3
Ke8 40. Na3 Kd7 41. Nc2 Kc7 42. Kc4 Kb7 43. Ne3 Kc7 44. b3 Bd8 45. Nxf5 Be7
46. Nxe7 Kd7 47. Nc6 a5 48. Nxa5 Kc7 49. Nc6 Kd7 50. b4 Kc7 51. bxc5 bxc5
52. Kxc5 Kb7 53. b6 Ka6 54. Na5 Kxa5 55. b7 {Black forfeits on time} 1-0

[Event "ICCopen2017"]
[Site "Internet Chess Club"]
[Date "2017.03.26"]
[Round "9"]
[White "KH"]
[Black "Heinichess"]
[Result "1-0"]
[ICCResult "Black forfeits on time"]
[WhiteElo "2082"]
[BlackElo "1883"]
[Opening "Bird's opening"]
[ECO "A02"]
[NIC "VO.07"]
[Time "20:42:17"]
[TimeControl "180+0"]

1. f4 c5 2. Nf3 d5 3. e3 Nc6 4. Bb5 Nf6 5. b3 Bg4 6. Bb2 e6 7. O-O Be7 8. d3
O-O 9. Bxc6 bxc6 10. Nbd2 d4 11. e4 Qc7 12. h3 Bh5 13. g4 Qxf4 14. gxh5 Qg3+
15. Kh1 Qxh3+ 16. Nh2 Bd6 17. Qe2 Ng4 18. Nf3 f5 19. e5 Bc7 20. Bc1 f4 21.
Qg2 Qxg2+ 22. Kxg2 Ne3+ 23. Bxe3 dxe3 24. Ng4 Rf5 25. Rh1 Raf8 26. Rag1 h6
27. Kf1 Kh7 28. Ke2 Bxe5 29. Ngxe5 R8f6 30. Rg6 Rxg6 31. hxg6+ Kh8 32. Rg1
Kg8 33. Rg2 Rh5 34. Nxc6 Rh1 35. Nxa7 Rc1 36. Ne1 h5 37. Nc6 h4 38. Ne5 h3
39. Rh2 Kf8 40. Rxh3 Ke7 41. Rf3 Kf6 42. Nc4 e5 43. Nxe3 Kxg6 44. Nc4 Kf5
45. Kd2 Ra1 46. a4 g5 47. Rf2 g4 48. Re2 f3 49. Rxe5+ Kf4 50. Re4+ Kg3 51.
Ne3 f2 52. Rxg4+ Kh3 53. Nf3 f1=N+ 54. Nxf1 Kxg4 55. Ne1 Kf5 56. Ne3+ Ke5
57. Nf3+ Kd6 58. Kc3 Kc7 59. Nc4 Rg1 60. Nfe5 Rg3 61. a5 Kb7 62. Nd6+ Ka6
63. Nec4 Rg4 64. Ne4 {Black forfeits on time} 1-0

[Event "ICCopen2017"]
[Site "Internet Chess Club"]
[Date "2017.03.26"]
[Round "9"]
[White "shredded"]
[Black "chabotheking"]
[Result "1-0"]
[ICCResult "Black checkmated"]
[WhiteElo "2723"]
[BlackElo "2576"]
[Opening "King's Indian: Sämisch, 5...O-O"]
[ECO "E81"]
[NIC "KI.54"]
[Time "20:42:38"]
[TimeControl "180+0"]

1. d4 Nf6 2. c4 g6 3. Nc3 Bg7 4. e4 d6 5. f3 O-O 6. Be3 c6 7. Nge2 a6 8. c5
b5 9. cxd6 exd6 10. Nf4 d5 11. e5 Ne8 12. Nd3 f6 13. f4 Nd7 14. Be2 Nb6 15.
O-O Nc4 16. Bf2 fxe5 17. dxe5 Bf5 18. b3 Nb6 19. Nc5 Nd7 20. Rc1 Nc7 21. Bd3
Nxc5 22. Bxc5 Bxd3 23. Qxd3 Rf5 24. Ne2 Ne6 25. Be3 Qd7 26. g4 Rf7 27. f5
Re8 28. fxe6 Qxe6 29. Rxf7 Kxf7 30. Ng3 Bxe5 31. Bd4 Bxd4+ 32. Qxd4 Kg8 33.
Rf1 Rf8 34. Rxf8+ Kxf8 35. Qh8+ Ke7 36. Qxh7+ Kd6 37. Qa7 Qxg4 38. Qxa6 d4
39. Qa3+ Kd7 40. b4 Qd1+ 41. Kf2 d3 42. Qb2 Qg4 43. Qd2 Qd4+ 44. Kf3 Qd5+
45. Ne4 Qf5+ 46. Ke3 Qh3+ 47. Kd4 c5+ 48. Nxc5+ Kc6 49. Nxd3 Qg4+ 50. Kc3
Qc4+ 51. Kb2 Kb7 52. Qc3 Qe4 53. Nc5+ Kc6 54. Nxe4+ Kd5 55. Qc5+ Kxe4 56.
Qxb5 Kf4 57. Qc5 Kg4 58. b5 g5 59. b6 Kh4 60. Qc7 Kh3 61. Qg3#
{Black checkmated}
1-0

[Event "ICCopen2017"]
[Site "Internet Chess Club"]
[Date "2017.03.26"]
[Round "9"]
[White "aravind6904"]
[Black "knightspirit"]
[Result "0-1"]
[ICCResult "White checkmated"]
[WhiteElo "1375"]
[BlackElo "1255"]
[Opening "Three knights game"]
[ECO "C46"]
[NIC "KP.06"]
[Time "20:42:33"]
[TimeControl "180+0"]

1. e4 e5 2. Nf3 Nc6 3. Nc3 Bc5 4. Bb5 d6 5. O-O a6 6. Bxc6+ bxc6 7. d4 exd4
8. Nxd4 Bd7 9. Nb3 Bb6 10. Kh1 Ne7 11. f3 O-O 12. Re1 f5 13. e5 Ng6 14. exd6
cxd6 15. Qxd6 Bc7 16. Qd1 Qh4 17. h3 Qg3 18. f4 Rad8 19. Qf3 Bxf4 20. Bxf4
Qxf4 21. Qxf4 Nxf4 22. Rad1 Be6 23. Nd4 Bd5 24. Nxd5 Nxd5 25. c3 f4 26. Nf3
Rd7 27. Rd2 Rfd8 28. Red1 Nf6 29. Rxd7 Rxd7 30. Rxd7 Nxd7 31. Nd4 c5 32. Nb3
c4 33. Nd4 Ne5 34. Kg1 Nd3 35. b3 cxb3 36. axb3 a5 37. Ne2 Nc5 38. Nxf4 Nxb3
39. Nd3 a4 40. Nb2 a3 41. Nc4 a2 42. Kf2 a1=Q 43. Ke3 Qxc3+ 44. Ke4 Qxc4+
45. Ke5 Qh4 46. Kd5 Qg3 47. Kc4 Qxg2 48. Kxb3 Qxh3+ 49. Kc4 Qf5 50. Kd4 g5
51. Ke3 h5 52. Ke2 h4 53. Ke3 h3 54. Ke2 h2 55. Ke3 g4 56. Kd4 g3 57. Kc4 g2
58. Kc3 h1=Q 59. Kb4 Qd1 60. Kc4 Qfc2+ 61. Kb4 g1=Q 62. Kb5 Qgc5+ 63. Ka6
Qdd3+ 64. Kb7 Qcb3+ 65. Ka8 Qa6# {White checkmated} 0-1

[Event "ICCopen2017"]
[Site "Internet Chess Club"]
[Date "2017.03.26"]
[Round "9"]
[White "HighGround"]
[Black "hipopotamos"]
[Result "0-1"]
[ICCResult "White forfeits on time"]
[WhiteElo "1330"]
[BlackElo "1203"]
[Opening "Ruy Lopez: old Steinitz defense"]
[ECO "C62"]
[NIC "RL.02"]
[Time "20:42:26"]
[TimeControl "180+0"]

1. e4 e5 2. Nf3 Nc6 3. Bb5 d6 4. c3 Nf6 5. Qe2 Be7 6. h3 O-O 7. O-O Bd7 8.
Ba4 Qc8 9. Bc2 Bxh3 10. d4 Qg4 11. g3 Nh5 12. Bd1 Nxg3 13. fxg3 Qxg3+ 14.
Kh1 Bxf1 15. Qxf1 f5 16. Qg1 Qh3+ 17. Qh2 Qxh2+ 18. Nxh2 f4 19. Bf3 Rf6 20.
Bd2 Rh6 21. Be1 Rh5 22. Nd2 Rh6 23. Bf2 Rf8 24. Rg1 Bh4 25. Bxh4 Rxh4 26.
Kg2 Rf6 27. Ng4 Rg6 28. Kf2 exd4 29. Nf1 d3 30. Nd2 b5 31. b4 a5 32. a3 axb4
33. axb4 Re6 34. Nf6+ Rxf6 35. Rg2 Rfh6 36. Nb3 Rh2 37. Nd4 Rxg2+ 38. Kxg2
Nxd4 39. cxd4 d2 40. d5 Rg6+ 41. Kf2 Kf7 42. Ke2 h5 43. Kxd2 h4 44. Ke2 h3
45. Kf2 h2 46. Bh1 Rg1 47. Bf3 h1=Q 48. Bxh1 Rxh1 49. Kg2 Re1 50. Kf3 Rd1
51. Kxf4 Rc1 52. Ke3 Rd1 53. Kf3 Rg1 {White forfeits on time} 0-1

[Event "ICCopen2017"]
[Site "Internet Chess Club"]
[Date "2017.03.26"]
[Round "9"]
[White "uggi"]
[Black "pagoda"]
[Result "0-1"]
[ICCResult "White resigns"]
[WhiteElo "1915"]
[BlackElo "1817"]
[Opening "QGD: Chigorin defense"]
[ECO "D07"]
[NIC "QP.08"]
[Time "20:43:13"]
[TimeControl "180+0"]

1. d4 d5 2. c4 Nc6 3. Nf3 Bg4 4. Nc3 e6 5. Bf4 Nf6 6. e3 Bd6 7. Bxd6 Qxd6 8.
Qb3 O-O 9. c5 Qd7 10. Be2 Rab8 11. Rc1 Bxf3 12. Bxf3 e5 13. Nxd5 Nxd5 14.
Qxd5 Qxd5 15. Bxd5 exd4 16. Bxc6 bxc6 17. b3 dxe3 18. fxe3 Rfe8 19. Kf2 Re5
20. Rhd1 Rbe8 21. Rc3 f5 22. Rd4 Kf7 23. Ra4 R8e7 24. g3 g5 25. Kf3 g4+ 26.
Kf2 Rd5 27. Rd4 Rxd4 28. exd4 Re4 29. Rc4 Ke6 30. Ra4 Kd5 31. Rxa7 Rxd4 32.
Rxc7 Rd2+ 33. Ke3 Rxh2 34. a4 h5 35. b4 h4 36. gxh4 Rxh4 37. Kf2 Rh2+ 38.
Kg3 Ra2 39. a5 Ke4 40. Re7+ Kd5 41. Rf7 Ke6 42. Rc7 Ke5 43. Re7+ Kf6 44. Rc7
Ra3+ 45. Kg2 f4 46. Rxc6+ Kf5 47. Rc8 Ra2+ 48. Kg1 f3 49. Rf8+ Ke4 50. Re8+
Kf4 51. c6 g3 52. Re1 f2+ 53. Kf1 fxe1=Q+ 54. Kxe1 g2 {White resigns} 0-1

[Event "ICCopen2017"]
[Site "Internet Chess Club"]
[Date "2017.03.26"]
[Round "9"]
[White "Ricardov"]
[Black "EGK"]
[Result "1-0"]
[ICCResult "Black forfeits on time"]
[WhiteElo "2177"]
[BlackElo "1931"]
[Opening "Scandinavian defense"]
[ECO "B01"]
[NIC "SD.03"]
[Time "20:43:36"]
[TimeControl "180+0"]

1. e4 d5 2. exd5 Nf6 3. Nf3 Nxd5 4. d4 g6 5. c4 Nb6 6. Nc3 Bg7 7. Be3 O-O 8.
Be2 Nc6 9. h3 e5 10. d5 Na5 11. b3 f5 12. O-O e4 13. Nd4 c5 14. dxc6 Nxc6
15. Nxc6 bxc6 16. Qc2 Be6 17. Rad1 Qe7 18. Bd4 Rad8 19. Bxg7 Qxg7 20. Rxd8
Rxd8 21. Rd1 Rxd1+ 22. Nxd1 Qd4 23. Qc3 c5 24. Kf1 f4 25. f3 Qxc3 26. Nxc3
e3 27. h4 Kf7 28. Ne4 Nd7 29. g3 fxg3 30. Kg2 {Black forfeits on time} 1-0

[Event "ICCopen2017"]
[Site "Internet Chess Club"]
[Date "2017.03.26"]
[Round "9"]
[White "Seraphim"]
[Black "bythebook"]
[Result "1-0"]
[ICCResult "Black forfeits on time"]
[WhiteElo "1873"]
[BlackElo "1611"]
[Opening "Caro-Kann: two knights variation"]
[ECO "B10"]
[NIC "CK.01"]
[Time "20:42:38"]
[TimeControl "180+0"]

1. e4 c6 2. Nf3 d5 3. Nc3 dxe4 4. Nxe4 Nf6 5. Ng3 g6 6. Bc4 Bg7 7. d3 O-O 8.
O-O Nbd7 9. Re1 Nb6 10. Bb3 Nbd5 11. Qe2 Re8 12. Bd2 Qc7 13. c3 Nf4 14. Qf1
Bd7 15. Ne5 N4d5 16. Nxd7 Qxd7 17. d4 Rad8 18. Rad1 Qc7 19. Bc1 a6 20. Qe2
Nf4 21. Qf3 N4d5 22. Re2 b5 23. Rde1 Qd7 24. a4 Rc8 25. axb5 axb5 26. Bg5
Ra8 27. Ne4 Nxe4 28. Rxe4 e6 29. Qh3 Ra6 30. Rh4 h5 31. g4 hxg4 32. Rxg4
Rea8 33. Rh4 Ra1 34. Rxa1 Rxa1+ 35. Kg2 Qd6 36. Bxd5 Qxd5+ 37. Qf3 Qxg5+ 38.
Rg4 Qd5 39. Qxd5 cxd5 40. Rg3 Rb1 41. Rf3 Rxb2 42. h4 b4 43. h5 bxc3 44.
hxg6 fxg6 45. Rg3 Rc2 46. Rxg6 {Black forfeits on time} 1-0

[Event "ICCopen2017"]
[Site "Internet Chess Club"]
[Date "2017.03.26"]
[Round "9"]
[White "Speiretti"]
[Black "DaffyDuck"]
[Result "0-1"]
[ICCResult "White forfeits on time"]
[WhiteElo "1892"]
[BlackElo "1747"]
[Opening "French: advance variation"]
[ECO "C02"]
[NIC "FR.03"]
[Time "20:42:50"]
[TimeControl "180+0"]

1. e4 e6 2. d4 d5 3. e5 c5 4. c3 Nc6 5. Be3 Nh6 6. Bd3 Qb6 7. Qd2 cxd4 8.
cxd4 Ng4 9. Nc3 Bd7 10. Nf3 Be7 11. O-O Nxe3 12. fxe3 f5 13. Na4 Qb4 14. b3
Qxd2 15. Nxd2 Bg5 16. Kf2 Nxd4 17. Nc5 Nc6 18. Nxb7 Nxe5 19. Be2 Rb8 20. Nc5
Ke7 21. Rac1 Rhc8 22. g3 g6 23. Ba6 Rc7 24. Be2 Rbc8 25. b4 a5 26. a3 axb4
27. axb4 Bc6 28. Ndb3 Nc4 29. Bxc4 dxc4 30. Rxc4 Bb5 31. Rfc1 Bxc4 32. Rxc4
Bf6 33. Kf3 Be5 34. Na5 Bd6 35. Nab3 e5 36. e4 Rc6 37. Rc1 h5 38. Rd1 Bxc5
39. Nxc5 Rxc5 40. bxc5 Rxc5 41. exf5 gxf5 42. h4 Rc3+ 43. Kf2 Ke6 44. Ra1
Rc2+ 45. Kf3 Rc6 46. Ra3 Rd6 47. Ke3 Rc6 48. Kf3 Rd6 49. Ke3 Rb6 50. Kf3 Kf6
51. Ke3 Ke7 52. Kf3 Kf6 53. Ke3 Ke6 54. Kf3 e4+ 55. Ke3 Rb1 56. Kf4 Rf1+ 57.
Kg5 Rf3 58. Ra6+ Kd5 59. Kxh5 Rxg3 60. Kh6 Rf3 61. h5 e3 62. Kg5 Rh3 63.
Ra5+ Kd4 64. Rxf5 e2 65. Rf8 e1=Q 66. Rd8+ Kc3 67. Re8 Qxe8 68. h6 Qh8 69.
Kg6 Rxh6+ {White forfeits on time} 0-1

[Event "ICCopen2017"]
[Site "Internet Chess Club"]
[Date "2017.03.26"]
[Round "9"]
[White "Dictator"]
[Black "tsedaka26"]
[Result "0-1"]
[ICCResult "White resigns"]
[WhiteElo "2552"]
[BlackElo "1750"]
[Opening "Benoni defense"]
[ECO "A61"]
[NIC "QI.01"]
[Time "20:43:29"]
[TimeControl "180+0"]

1. d4 e6 2. Nf3 Nf6 3. c4 c5 4. d5 exd5 5. cxd5 d6 6. Nc3 g6 7. Bf4 Bg7 8.
Qa4+ Bd7 9. Qb3 Qc7 10. h3 O-O 11. e3 Na6 12. Be2 Rfe8 13. O-O Ne4 14. Nxe4
Rxe4 15. a3 c4 16. Qc2 Bf5 17. Qd1 Bxb2 18. Nd2 Rxf4 19. exf4 Bxa1 20. Qxa1
c3 21. Rc1 Rc8 22. Nc4 b5 23. Ne3 Be4 24. Bxb5 Nb8 25. Bc4 c2 26. Bb3 Qc3
27. Qxc3 Rxc3 28. Ba4 Rxa3 29. Bxc2 Rc3 30. Rb1 Bxc2 31. Rxb8+ Kg7 32. Rd8
a5 33. Rxd6 Bb3 34. Ra6 a4 35. Kf1 Rxe3 36. Rxa4 Bxa4 37. fxe3 f5 38. Kf2
Bb3 39. d6 Be6 40. Kf3 Bd7 41. g4 Kf6 42. gxf5 gxf5 43. Kg3 Ke6 44. Kh4 Kxd6
45. Kg5 Kd5 46. Kh6 Ke4 47. h4 Kxe3 48. Kxh7 Be8 49. Kh6 Kxf4 50. Kg7 Bh5
51. Kh6 Bd1 52. Kg7 Bh5 53. Kf6 Kg4 54. Ke5 f4 55. Ke4 Kg3 56. Kf5 f3 57.
Kg5 Bg4 58. h5 Bxh5 59. Kxh5 f2 60. Kg5 {White resigns} 0-1

[Event "ICCopen2017"]
[Site "Internet Chess Club"]
[Date "2017.03.26"]
[Round "9"]
[White "lexa"]
[Black "Dupinpon"]
[Result "1-0"]
[ICCResult "Black forfeits on time"]
[WhiteElo "1929"]
[BlackElo "1642"]
[Opening "Sicilian"]
[ECO "B50"]
[NIC "SI.01"]
[Time "20:44:16"]
[TimeControl "180+0"]

1. e4 c5 2. Nf3 d6 3. c3 Nf6 4. Be2 Nc6 5. d4 Nxe4 6. d5 Nxf2 7. Kxf2 Ne5 8.
Nxe5 dxe5 9. c4 e6 10. dxe6 Qf6+ 11. Ke1 Bxe6 12. Nc3 Rd8 13. Qa4+ Bd7 14.
Qc2 Qh4+ 15. g3 Qd4 16. Qe4 Bc6 17. Qxd4 exd4 18. Nd5 Bxd5 19. cxd5 Rxd5 20.
Bf3 Re5+ 21. Kf2 b6 22. Bc6+ Kd8 23. Bf4 Re6 24. Bd5 Rf6 25. Kg2 h6 26. Rhe1
Bd6 27. Bxd6 Rxd6 28. Bxf7 Rf8 29. Bc4 Rdf6 30. Rf1 Rxf1 31. Rxf1 Rxf1 32.
Kxf1 Ke7 33. Ke2 Kf6 34. Kf3 Ke5 35. h4 g5 36. hxg5 hxg5 37. Kg4 Ke4 38.
Kxg5 d3 39. g4 d2 40. Be2 c4 41. Bd1 b5 42. Kf6 {Black forfeits on time} 1-0

[Event "ICCopen2017"]
[Site "Internet Chess Club"]
[Date "2017.03.26"]
[Round "9"]
[White "cheslikeyomama"]
[Black "x-plica"]
[Result "1-0"]
[ICCResult "Black resigns"]
[WhiteElo "1534"]
[BlackElo "1386"]
[Opening "Queen's pawn"]
[ECO "A40"]
[NIC "QO.17"]
[Time "20:45:27"]
[TimeControl "180+0"]

1. d4 e6 2. e3 c5 3. f4 a6 4. Nf3 h6 5. c3 Be7 6. Bd3 b6 7. Nbd2 d6 8. O-O
Nf6 9. Qe2 Nd5 10. Ne4 Bb7 11. g4 Nf6 12. Nxf6+ Bxf6 13. g5 hxg5 14. fxg5
Be7 15. g6 f6 16. Bd2 Qc7 17. e4 Kd7 18. e5 dxe5 19. dxe5 f5 20. Bf4 b5 21.
Rad1 Ke8 22. Bg5 Qc6 23. Bxe7 Kxe7 24. Qe3 c4 25. Be2 Qe8 26. Qg5+ Kf8 27.
Nd4 Bd5 28. Bf3 Qd7 29. Bxd5 Qxd5 30. Nxf5 Qc5+ 31. Nd4+ Kg8 32. Qd8+
{Black resigns}
1-0